 Dungeon Crawl Stone Soup version 0.29-a0-517-gbdf32494f2 (webtiles) character file.

Game seed: 16947293761740202776

67 NateTC the Digger (level 4, -3/24 HPs)
             Began as a Deep Elf Earth Elementalist on May 30, 2022.
             Slain by Terence
             ... wielding a +0 hand axe
              (7 damage)
             ... on level 2 of the Dungeon.
             The game lasted 00:05:03 (2228 turns).

NateTC the Digger (Deep Elf Earth Elementalist)     Turns: 2228, Time: 00:05:04

Health: -3/24      AC:  4    Str:  5    XL:     4   Next: 0%
Magic:  2/10       EV: 12    Int: 22    God:
Gold:   83         SH:  0    Dex: 15    Spells: 5/9 levels left

rFire   . . .      SeeInvis .   (no weapon)
rCold   . . .      Faith    .   (no shield)
rNeg    . . .      Spirit   .   b - +0 robe
rPois   .          Reflect  .   (no helmet)
rElec   .          Harm     .   (no cloak)
rCorr   .          Rampage  .   k - +1 pair of gloves
Will    .....                   (no boots)
Stlth   ++........              (no amulet)
HPRegen 0.08/turn               (no ring)
MPRegen 0.12/turn               (no ring)

@: no status effects
A: no striking features
a: no special abilities


You were on level 2 of the Dungeon.
You visited 1 branch of the dungeon, and saw 3 of its levels.

You collected 83 gold pieces.

Inventory:

Missiles
 a - 35 stones
Armour
 b - a +0 robe (worn)
 k - a +1 pair of gloves (worn)
Scrolls
 h - a scroll of noise
Potions
 c - a potion of magic
 g - a potion of might
 i - 2 potions of resistance
 n - a potion of brilliance {unknown}


   Skills:
 - Level 2.4 Dodging
 - Level 2.4 Stealth
 - Level 3.0 Spellcasting
 * Level 0.0 Conjurations
 - Level 3.1 Transmutations
 + Level 4.4 Earth Magic


You had 5 spell levels left.
You knew the following spells:

 Your Spells              Type           Power      Damage    Failure   Level
a - Sandblast             Erth           44%        2d11      1%          1
b - Stone Arrow           Conj/Erth      26%        3d8       16%         3

Your spell library contained the following spells:

 Spells                   Type           Power      Damage    Failure   Level
 Passwall                 Tmut/Erth      15%        N/A       4%          2
 Petrify                  Tmut/Erth      19%        N/A       26%         4
 Ice Form                 Ice/Tmut       10%        N/A       54%         4
 Hailstorm                Conj/Ice       3%         3d3       77%         4
 Simulacrum               Ice/Necr       1%         N/A       100%        6


Dungeon Overview and Level Annotations

Branches:
Dungeon (3/15)

Altars:

Shops:
D:1 !

Annotations:
D:2 Terence


Message History

You are too injured to fight recklessly!
You are too injured to fight recklessly!
You are too injured to fight recklessly!
Terence shouts, "Get ready for death!"
Terence attacks as you move away! Terence closely misses you.
Terence shouts, "Get ready for death!"
Terence attacks as you move away! Terence closely misses you.
There is a stone staircase leading up here.
Terence misses you.
You climb upwards.
There is a stone staircase leading down here.
Okay, then.
Okay, then.
You aren't carrying any items that you can evoke.
Casting: Sandblast (safe; 1% risk of failure)
Confirm with . or Enter, or press ? or * to list all spells.
Aiming: Sandblast (safe; 1% risk of failure)
Press: ? - help, Shift-Dir - straight line, f - Terence
Aim: Terence, wielding a +0 hand axe and wearing a +2 scale mail of willpower (heavily wounded, 83% to hit)
The blast of sand hits Terence but does no damage.
Terence is heavily wounded.
Terence misses you.
Casting: Sandblast (safe; 1% risk of failure)
Confirm with . or Enter, or press ? or * to list all spells.
Aiming: Sandblast (safe; 1% risk of failure)
Press: ? - help, Shift-Dir - straight line, f/p - Terence
Aim: Terence, wielding a +0 hand axe and wearing a +2 scale mail of willpower (heavily wounded, 83% to hit)
The blast of sand hits Terence but does no damage.
Terence is heavily wounded.
Terence hits you with a +0 hand axe.
* * * LOW HITPOINT WARNING * * *
Casting: Sandblast (safe; 1% risk of failure)
Confirm with . or Enter, or press ? or * to list all spells.
Aiming: Sandblast (safe; 1% risk of failure)
Press: ? - help, Shift-Dir - straight line, f/p - Terence
Aim: Terence, wielding a +0 hand axe and wearing a +2 scale mail of willpower (heavily wounded, 83% to hit)
The blast of sand hits Terence but does no damage.
Terence is heavily wounded.
Terence hits you with a +0 hand axe!
You die...

#....# ##.##.###...# #.#<
####.#### #..##.# ###.# #.#)
#....# #.###.# #.# #.## #.##.#
##.# #.# #.# ##.## ##.##.# ##..#
#.# #.### #..## #..##.###..## #.#
#...# #รท### #.###..#..#####.#
###.###.# # ##.# ##.......##.###
#.##..# # ##..# ##.####..@...#
#.##.## # #..######.# ###@.#.##
#.##.# # #...#.....######.##..#
#.##.####
[.#..................####.##.##..
..##.............##.......#..##..
#........#.......#####...........
###..............# ###..#.##...
########.........########.#.###..
.## ##.............###...# #..


You could see Terence.

Vanquished Creatures
  3 adders (D:2)
  A dart slug (D:1)
  4 orcs
  5 ball pythons
  A giant cockroach (D:1)
  3 hobgoblins
  6 jackals
  3 quokkas
  3 bats
  2 kobolds
  A rat (D:1)
32 creatures vanquished.

Notes
Turn   | Place    | Note
-------+----------+-------------------------------------------
     0 | D:1      | NateTC the Deep Elf Earth Elementalist began the quest for
                  | the Orb.
     0 | D:1      | Reached XP level 1. HP: 10/10 MP: 6/6
   255 | D:1      | Reached XP level 2. HP: 14/15 MP: 2/8
   830 | D:1      | Found Inwihifu's Distillery.
   851 | D:1      | Found a faded altar of an unknown god.
  1058 | D:2      | Reached skill level 4 in Earth Magic
  1065 | D:1      | Reached XP level 3. HP: 2/19 MP: 0/9
  1694 | D:2      | Identified the +2 robe "Put-Me-On" {Will- Dex+4 SInv}
  2041 | D:2      | Reached XP level 4. HP: 24/24 MP: 8/10
  2186 | D:2      | Learned a level 3 spell: Stone Arrow
  2205 | D:3      | Noticed Terence
  2228 | D:2      | Slain by Terence

Illustrated notes

Levels and vault maps discovered:
D:1:      dpeg_arrival_windows_large_door, layout_loops_corners,
          chequers_ecumenical_altar_simple, serial_shops,
          nicolae_shop_behind_doors
D:2:      layout_rooms
D:3:      layout_basic, gammafunk_ghost_arena, grunt_decor_mini_mirrors,
          uniq_terence, uniq_natasha

Skill      XL: |  1  2  3 |
---------------+----------+-----
Transmutations | 2 3 |  3.1
Earth Magic    | 4 |  4.4
Dodging        | |  2.4
Stealth        | |  2.4
Spellcasting   | |  3.0

Action                   |  1- 3 |  4- 6 || total
-------------------------+-------+-------++-------
Melee: Unarmed           |     1 |       ||     1
 Cast: Sandblast         |    49 |    10 ||    59
  Use: Scroll            |       |     9 ||     9
Armor: Robe              |     4 |       ||     4
Dodge: Dodged            |    14 |     5 ||    19

Table legend: (Time is in decaauts)
 A = Elapsed time spent in this place.
 B = Non-inter-level travel time spent in this place.
 C = Inter-level travel time spent in this place.
 D = Time resting spent in this place.
 E = Time spent auto-exploring this place.
 F = Levels seen in this place.
 G = Mean time per level.
                   A        B        C        D        E       F      G
               +--------+--------+--------+--------+--------+-----+--------+
         Total |   2229 |   2190 |     39 |    847 |    801 |   3 |  743.0 |
       Dungeon |   2229 |   2190 |     39 |    847 |    801 |   3 |  743.0 |
               +--------+--------+--------+--------+--------+-----+--------+

Top non-repeatable levels by time:
     D:1: 1277 daAuts
     D:2: 923 daAuts
     D:3: 27 daAuts
